Map: 2000 애트모스피어 - 래더

Players

Lambo

  • Race: Zerg Zerg

Bunny - Winner!

  • Race: Terran Terran

Event: IEM Katowice 2022

VOD

Have the link to the VOD?

Description

Time

  • Played on: Feb. 25, 2022, 7:44 a.m.
  • Length: 12:18

All games in this series

Show
View Real Time Build Order
Export as new Build Order

Lambo Zerg 

Build Orders: Hatch First 

Get SALT Encoding   

  12  0:00  Drone  
  13  0:12  Overlord  
  13  0:17  Drone  
  14  0:30  Drone x2  
  16  0:47  Hatchery  
  15  0:50  Drone  
  15  0:54  Drone  
  17  0:57  Drone  
  18  1:09  Extractor  
  17  1:12  Spawning Pool  
  17  1:16  Drone  
  17  1:19  Drone  
  18  1:27  Drone  
  19  1:38  Drone  
  20  1:49  Drone  
  21  1:59  Queen x2  
  21  2:00  Zergling x4  
  27  2:10  Drone  
  27  2:11  Overlord  
  28  2:20  Hatchery  
  28  2:22  Drone  
  28  2:30  Drone  
  28  2:32  Drone x2  
  31  2:44  Queen, Overlord  
  30  2:48  Drone  
  30  2:49  Metabolic Boost  
  33  2:53  Drone  
  34  2:59  Drone  
  34  3:04  Queen  
  37  3:06  Drone x2  
  37  3:10  Drone x2  
  37  3:11  Drone  
  42  3:18  Overlord  
  42  3:20  Overlord  
  42  3:25  Drone  
  43  3:31  Queen  
  43  3:32  Queen  
  47  3:35  Drone  
  47  3:40  Drone  
  49  3:43  Drone x4  
  49  3:45  Drone  
  54  3:51  Drone x2  
  56  3:56  Overlord, Zergling x2  
  56  3:57  Zergling x6  
  56  4:00  Overlord  
  60  4:05  Overlord  
  60  4:07  Overlord  
  59  4:13  Overlord  
  59  4:14  Queen  
  59  4:15  Drone x2  
  63  4:18  Drone x2  
  63  4:21  Queen  
  63  4:23  Drone  
  68  4:25  Drone x2  
  68  4:27  Drone  
  68  4:29  Drone x2  
  73  4:33  Drone  
  73  4:34  Baneling Nest  
  73  4:35  Zergling x2  
  73  4:38  Queen  
  76  4:42  Overlord  
  76  4:43  Zergling x4  
  78  4:45  Overlord  
  78  4:47  Zergling x2  
  78  4:51  Zergling x4  
  81  4:54  Zergling x8  
  81  4:55  Extractor  
  81  4:56  Overlord  
  81  4:59  Zergling x4  
  87  5:00  Zergling x2  
  87  5:04  Spore Crawler  
  87  5:06  Zergling x2  
  87  5:09  Zergling x2  
  87  5:14  Zergling x2  
  89  5:16  Lair  
  89  5:22  Baneling x3  
  89  5:24  Drone x7  
  89  5:26  Queen  
  89  5:27  Extractor  
  97  5:29  Extractor  
  97  5:33  Zergling x8  
  100  5:36  Baneling x6  
  100  5:40  Hatchery  
  100  5:41  Baneling x2, Zergling x6  
  102  5:50  Overlord  
  102  5:51  Zergling x8  
  102  5:54  Queen  
  102  5:55  Zergling x4  
  110  6:04  Overlord  
  110  6:05  Overlord  
  110  6:11  Drone x4  
  109  6:15  Evolution Chamber  
  109  6:16  Drone x3, Evolution Chamber  
  110  6:22  Drone  
  110  6:26  Drone x2  
  110  6:27  Drone x5  
  110  6:30  Extractor  
  116  6:34  Zergling x4  
  116  6:37  Centrifugal Hooks, Drone  
  119  6:43  Overlord  
  119  6:45  Zergling x2  
  119  6:46  Zerg Ground Armor Level 1, Zerg Melee Weapons Level 1  
  120  6:48  Hydralisk Den, Zergling x2  
  119  6:55  Zergling x22  
  119  6:56  Baneling x3  
  130  7:06  Drone x4  
  132  7:13  Overlord  
  133  7:15  Drone x2  
  133  7:18  Drone x4  
  133  7:22  Baneling x5  
  137  7:25  Drone x6  
  143  7:33  Overlord  
  143  7:36  Zergling x2, Extractor  
  143  7:37  Zergling x8  
  145  7:39  Overseer  
  145  7:40  Drone x2  
  145  7:42  Spore Crawler  
  146  7:48  Overlord  
  146  7:53  Drone x9  
  146  7:57  Drone x5  
  147  8:00  Spore Crawler  
  147  8:02  Overseer  
  146  8:07  Zergling x4  
  146  8:08  Zergling x4  
  143  8:13  Zergling x8  
  140  8:21  Zergling x4  
  140  8:25  Zergling x14  
  136  8:28  Zergling x8  
  136  8:33  Hydralisk x4  
  148  8:35  Baneling x3  
  148  8:36  Drone  
  148  8:37  Drone  
  148  8:39  Grooved Spines  
  148  8:40  Drone  
  151  8:46  Hydralisk x5  
  146  8:52  Baneling x2  
  146  8:54  Drone x7  
  145  8:58  Zergling x6  
  145  8:59  Baneling x3  
  145  9:00  Drone  
  145  9:02  Infestation Pit  
  148  9:05  Hydralisk  
  148  9:06  Hydralisk x2  
  153  9:12  Drone x3, Extractor  
  153  9:16  Drone x3  
  158  9:20  Drone  
  158  9:21  Overlord  
  158  9:23  Baneling x5  
  159  9:28  Overlord  
  159  9:30  Pneumatized Carapace  
  159  9:33  Overlord  
  158  9:38  Zergling x6  
  158  9:43  Zergling x16  
  168  9:45  Hive  
  168  9:47  Zergling x10  
  168  9:50  Muscular Augments, Extractor  
  168  9:52  Extractor  
  168  9:54  Drone x3  
  168  9:58  Zergling x10  
  166  10:10  Zergling x8  
  167  10:17  Baneling x5  
  167  10:20  Zergling x20  
  177  10:23  Zerg Missile Weapons Level 1  
  177  10:28  Spore Crawler  
  177  10:31  Zergling x8  
  177  10:36  Zergling x8  
  177  10:37  Baneling x3  
  177  10:38  Baneling  
  181  10:43  Hydralisk  
  181  10:44  Baneling  
  181  10:45  Baneling x6, Overlord  
  181  10:47  Overlord  
  181  10:49  Baneling x6, Overlord  
  182  10:52  Baneling x6  
  182  10:53  Queen  
  182  10:56  Zergling x4  
  180  10:58  Zergling x14  
  166  11:05  Zergling x10  
  166  11:08  Lurker Den  
  164  11:12  Zergling x2  
  164  11:13  Zergling x2  
  165  11:22  Zergling x2  
  165  11:23  Zergling x16  
  173  11:29  Hydralisk Den  
  170  11:32  Zergling x2  
  170  11:33  Zergling x8  
  170  11:34  Zergling x4  
  170  11:38  Zergling x6  
  170  11:39  Hatchery  
  147  11:43  Baneling x11  
  147  11:45  Zergling x14  
  143  11:48  Zergling x2  
  143  11:49  Baneling x5, Zergling x2  
  143  11:50  Zergling x2  
  143  11:53  Zergling x2  
  143  11:54  Zergling x6  
  145  11:58  Zergling x2  
Show
View Real Time Build Order
Export as new Build Order

Bunny Terran - Winner!

Build Orders: Reaper Expand 

Get SALT Encoding   

  12  0:00  SCV  
  13  0:12  SCV  
  14  0:17  Supply Depot  
  14  0:24  SCV  
  15  0:38  SCV  
  15  0:40  Barracks  
  15  0:42  Refinery  
  16  0:50  SCV  
  17  1:02  SCV  
  18  1:15  SCV  
  19  1:27  Reaper, Orbital Command  
  20  1:38  Command Center  
  20  1:48  Barracks  
  20  1:52  SCV  
  21  1:59  Barracks Reactor  
  21  2:05  Supply Depot, SCV  
  22  2:10  Refinery  
  22  2:17  SCV  
  22  2:21  Factory  
  23  2:29  SCV  
  24  2:36  Barracks Tech Lab, Marine x2  
  26  2:41  SCV  
  27  2:50  Orbital Command  
  27  2:53  SCV  
  27  2:55  Stimpack  
  27  2:57  Marine x2  
  30  3:00  Marine  
  30  3:05  SCV  
  32  3:12  Starport  
  32  3:17  SCV x2  
  34  3:21  Factory Reactor  
  34  3:22  Marine x2  
  34  3:24  Marine  
  37  3:29  SCV  
  37  3:30  SCV  
  39  3:36  Supply Depot  
  39  3:40  Marine x2  
  41  3:41  SCV  
  41  3:42  SCV  
  43  3:48  Marine  
  43  3:53  SCV  
  43  3:54  Supply Depot, SCV  
  46  3:58  Marine x2  
  48  4:04  Medivac x2  
  48  4:05  SCV  
  48  4:06  SCV  
  54  4:12  Supply Depot  
  54  4:15  Marine x2  
  54  4:16  Supply Depot, Marine  
  57  4:17  SCV  
  57  4:18  SCV  
  59  4:29  SCV  
  59  4:30  SCV  
  61  4:33  Marine x3  
  61  4:37  Combat Shield  
  64  4:41  Command Center  
  64  4:43  SCV x2  
  66  4:47  Supply Depot  
  66  4:49  Widow Mine  
  66  4:50  Medivac  
  70  4:54  Marine x3  
  70  4:58  SCV  
  70  4:59  SCV  
  75  5:05  Refinery x2  
  75  5:09  Armory  
  74  5:14  SCV x2  
  74  5:17  Marine x3  
  74  5:18  Factory Tech Lab  
  79  5:26  Factory  
  80  5:28  SCV x2  
  80  5:34  Starport Reactor  
  80  5:35  Marine x3  
  82  5:37  Engineering Bay  
  82  5:38  Engineering Bay  
  84  5:45  SCV  
  84  5:46  SCV  
  86  5:53  Widow Mine, Marine x3  
  86  5:54  Orbital Command  
  90  6:07  SCV x2  
  90  6:11  Marine x3  
  88  6:12  Drilling Claws  
  88  6:14  Terran Infantry Armor Level 1, Orbital Command, Terran Infantry Weapons Level 1  
  89  6:19  Widow Mine x3  
  94  6:28  Medivac x2  
  94  6:31  Barracks x2  
  94  6:32  SCV x2, Barracks  
  101  6:40  SCV  
  101  6:44  Supply Depot  
  101  6:45  Supply Depot  
  101  6:46  SCV x2  
  103  6:49  Widow Mine  
  103  6:50  Widow Mine x2  
  109  7:02  Command Center  
  109  7:05  SCV x3  
  112  7:14  Marine x3  
  115  7:15  Siege Tank  
  115  7:17  Widow Mine x2, SCV x3  
  115  7:22  Supply Depot  
  125  7:23  Supply Depot  
  125  7:24  Supply Depot  
  125  7:31  SCV  
  125  7:32  SCV x2  
  128  7:37  Barracks Reactor x2  
  128  7:38  Barracks Reactor, Marine x3  
  128  7:41  Refinery  
  128  7:42  Medivac  
  128  7:43  Medivac  
  128  7:44  SCV x3  
  138  7:48  Refinery  
  138  7:53  Widow Mine x2  
  138  7:55  Widow Mine  
  138  7:57  Marauder  
  146  8:06  Marine x2  
  146  8:08  SCV x2  
  146  8:09  SCV  
  149  8:17  Barracks x2  
  149  8:18  Barracks  
  132  8:20  Medivac x2  
  132  8:23  Marauder  
  134  8:28  Marine x3  
  134  8:29  Marine x4  
  134  8:32  Terran Infantry Weapons Level 2, Siege Tank  
  140  8:36  Terran Infantry Armor Level 2  
  134  8:49  Widow Mine x2  
  134  8:52  Marauder  
  140  8:56  Marine x7  
  140  8:57  Concussive Shells  
  140  9:00  Planetary Fortress  
  145  9:05  Siege Tank  
  145  9:06  SCV x3  
  150  9:12  Liberator  
  151  9:17  Refinery  
  151  9:18  Barracks Tech Lab x3, Ghost Academy  
  151  9:19  Refinery  
  151  9:23  Widow Mine x2  
  155  9:33  SCV x3  
  155  9:36  Command Center  
  155  9:37  Siege Tank  
  160  9:48  Supply Depot  
  160  9:49  Supply Depot  
  160  9:51  Ghost x3  
  164  9:59  Ghost  
  164  10:07  Marine x6  
  164  10:11  Command Center  
  164  10:13  Missile Turret  
  164  10:14  Supply Depot  
  164  10:19  Ghost  
  164  10:20  Medivac  
  167  10:22  Marauder x2  
  167  10:25  Marine  
  167  10:26  Marine x2  
  167  10:27  Marine  
  167  10:28  Marine, Marauder  
  176  10:40  Siege Tank  
  179  10:42  Ghost  
  179  10:43  Ghost  
  179  10:44  Marine x6  
  180  11:03  Liberator x2  
  175  11:10  Orbital Command, Marine, Marauder x2  
  180  11:12  Marauder, Siege Tank  
  180  11:13  Missile Turret, Marine x4  
  187  11:25  Ghost  
  181  11:27  Marine x4  
  181  11:30  Ghost  
  181  11:31  Marine  
  186  11:32  Sensor Tower  
  160  11:42  Marauder  
  160  11:43  Marauder, Marine x2  
  160  11:44  Siege Tank  
  160  11:46  Medivac x2  
  168  11:47  Marine x2  
  170  11:54  Marauder  
  170  11:55  Marine  

Tags
 
Add a new tag
Caveats
  • Supply blocks, unpowered buildings, or Contaminate may cause inaccurate times.
  • Supply counts are checked every 10 seconds.